TOP OF THE 1ST |
Lee's Summit Tigers batting - Pitching for Erie Jaxx : RHP Steve Bigham
|
Pitching: RHP Steve Bigham
|
|
Batting: LHB Darren Holland
|
0-0: Swinging Strike 0-1: Called Strike 0-2: Foul Ball, location: 2F 0-2: Strikes out swinging
|
Batting: RHB Jesús Ramos
|
0-0: Called Strike 0-1: Foul Ball, location: 2F 0-2: Strikes out swinging
|
Batting: RHB Rusty Bennett
|
0-0: Ball 1-0: Ball 2-0: Ball 3-0: Called Strike 3-1: Base on Balls
|
Batting: SHB Juan Glaviz
|
0-0: Ball 1-0: Fielders Choice at 2nd, 6-4 (Groundball, 6)
|
Top of the 1st over - 0 run(s), 0 hit(s), 0 error(s), 0 left on base; Lee's Summit 0 - Erie 0 |
BOTTOM OF THE 1ST |
Erie Jaxx batting - Pitching for Lee's Summit Tigers : LHP Marcos Flores
|
Pitching: LHP Marcos Flores
|
|
Batting: RHB Ed Keesee
|
0-0: Called Strike 0-1: Ball 1-1: Fly out, F8 (Flyball, 8LM)
|
Batting: SHB José Durango
|
0-0: Ground out 4-3 (Groundball, 4)
|
Batting: SHB Michael Field
|
0-0: Called Strike 0-1: Swinging Strike 0-2: Foul Ball, location: 2F 0-2: Foul Ball, location: 2F 0-2: Strikes out swinging
|
Bottom of the 1st over - 0 run(s), 0 hit(s), 0 error(s), 0 left on base; Lee's Summit 0 - Erie 0 |
TOP OF THE 2ND |
Lee's Summit Tigers batting - Pitching for Erie Jaxx : RHP Steve Bigham
|
Batting: RHB Kyle Baylor
|
0-0: Called Strike 0-1: Foul Ball, location: 2F 0-2: Strikes out swinging
|
Batting: RHB Michael Hall
|
0-0: Ball 1-0: Ball 2-0: Ball 3-0: Base on Balls
|
Batting: RHB Steven Wright
|
0-0: Ball 1-0: Ball 2-0: Ball 3-0: Called Strike 3-1: Foul Ball, location: 2F 3-2: Strikes out looking
|
Batting: LHB Dale Miller
|
0-0: Called Strike 0-1: Ball 1-1: Foul Ball, location: 2F 1-2: Ball Michael Hall steals 2nd base 2-2: Strikes out swinging
|
Top of the 2nd over - 0 run(s), 0 hit(s), 0 error(s), 1 left on base; Lee's Summit 0 - Erie 0 |
BOTTOM OF THE 2ND |
Erie Jaxx batting - Pitching for Lee's Summit Tigers : LHP Marcos Flores
|
Batting: LHB Josh Pérez
|
0-0: Ball 1-0: SINGLE (Flyball, 8LS)
|
Batting: SHB Giel Molendijk
|
0-0: Ball 1-0: Grounds into double play, 6-4-3 (Groundball, 6)
|
Batting: LHB Jim Knight
|
0-0: Ball 1-0: Foul Ball, location: 2F 1-1: Swinging Strike 1-2: Ball 2-2: Foul Ball, location: 2F 2-2: DOUBLE (Line Drive, 78S)
|
Batting: RHB Edgardo Castro
|
0-0: Called Strike 0-1: Foul Ball, location: 2F 0-2: Strikes out swinging
|
Bottom of the 2nd over - 0 run(s), 2 hit(s), 0 error(s), 1 left on base; Lee's Summit 0 - Erie 0 |
TOP OF THE 3RD |
Lee's Summit Tigers batting - Pitching for Erie Jaxx : RHP Steve Bigham
|
Batting: LHB Milo Powers
|
0-0: Ball 1-0: Called Strike 1-1: Swinging Strike 1-2: Ball 2-2: Ball 3-2: Foul Ball, location: 2F 3-2: SINGLE (Groundball, 4MD)
|
Batting: LHB Darren Holland
|
0-0: Swinging Strike 0-1: Foul Ball, location: 2F 0-2: Ball 1-2: Foul Ball, location: 2F 1-2: Ball 2-2: Strikes out looking
|
Batting: RHB Jesús Ramos
|
0-0: Foul Ball, location: 2F 0-1: Ball 1-1: Ball 2-1: Ball 3-1: Called Strike 3-2: Strikes out swinging
|
Batting: RHB Rusty Bennett
|
0-0: Called Strike 0-1: Foul Ball, location: 2F 0-2: Foul Ball, location: 2F 0-2: Ball 1-2: Ball 2-2: Fielders Choice at 2nd, 6-4 (Groundball, 6D)
|
Top of the 3rd over - 0 run(s), 1 hit(s), 0 error(s), 0 left on base; Lee's Summit 0 - Erie 0 |
BOTTOM OF THE 3RD |
Erie Jaxx batting - Pitching for Lee's Summit Tigers : LHP Marcos Flores
|
Batting: RHB Ángel Serrano
|
0-0: Ball 1-0: Ball 2-0: Swinging Strike 2-1: Swinging Strike 2-2: Foul Ball, location: 2F 2-2: Ball 3-2: Foul Ball, location: 2F 3-2: Strikes out swinging
|
Batting: RHB Alfredo Ramírez
|
0-0: Ball 1-0: Foul Ball, location: 2F 1-1: Called Strike 1-2: Strikes out swinging
|
Batting: RHB Ed Keesee
|
0-0: Ball 1-0: Ball 2-0: Fly out, F6 (Line Drive, 6)
|
Bottom of the 3rd over - 0 run(s), 0 hit(s), 0 error(s), 0 left on base; Lee's Summit 0 - Erie 0 |
TOP OF THE 4TH |
Lee's Summit Tigers batting - Pitching for Erie Jaxx : RHP Steve Bigham
|
Batting: SHB Juan Glaviz
|
0-0: SOLO HOME RUN (Flyball, 9D), Distance : 353 ft
|
Batting: RHB Kyle Baylor
|
0-0: Called Strike 0-1: Swinging Strike 0-2: Strikes out swinging
|
Batting: RHB Michael Hall
|
0-0: Called Strike 0-1: Called Strike 0-2: Ball 1-2: Ball 2-2: Ball 3-2: Strikes out swinging passed ball, reaches first!
|
Batting: RHB Steven Wright
|
0-0: Ball 1-0: Called Strike 1-1: SINGLE (Line Drive, 4MD) Michael Hall to second
|
Batting: LHB Dale Miller
|
0-0: Called Strike 0-1: Grounds into double play, 4-6-3 (Groundball, 4D)
|
Top of the 4th over - 1 run(s), 2 hit(s), 0 error(s), 1 left on base; Lee's Summit 1 - Erie 0 |
BOTTOM OF THE 4TH |
Erie Jaxx batting - Pitching for Lee's Summit Tigers : LHP Marcos Flores
|
Batting: SHB José Durango
|
0-0: Ball 1-0: Ball 2-0: Foul Ball, location: 2F 2-1: Ground out 6-3 (Groundball, 6)
|
Batting: SHB Michael Field
|
0-0: Ground out 5-3 (Groundball, 56S)
|
Batting: LHB Josh Pérez
|
0-0: Foul Ball, location: 2F 0-1: Ball 1-1: Ball 2-1: Ball 3-1: Base on Balls
|
Batting: SHB Giel Molendijk
|
0-0: Foul Ball, location: 2F 0-1: Ball 1-1: Fielders Choice at 2nd, 5-4 (Groundball, 56)
|
Bottom of the 4th over - 0 run(s), 0 hit(s), 0 error(s), 0 left on base; Lee's Summit 1 - Erie 0 |
TOP OF THE 5TH |
Lee's Summit Tigers batting - Pitching for Erie Jaxx : RHP Steve Bigham
|
Batting: LHB Milo Powers
|
0-0: Called Strike 0-1: Swinging Strike 0-2: Foul Ball, location: 2F 0-2: Ball 1-2: Foul Ball, location: 2F 1-2: Ball 2-2: Strikes out swinging
|
Batting: LHB Darren Holland
|
0-0: Ball 1-0: Swinging Strike 1-1: Ball 2-1: Swinging Strike 2-2: SOLO HOME RUN (Flyball, 9D), Distance : 366 ft
|
Batting: RHB Jesús Ramos
|
0-0: Called Strike 0-1: Swinging Strike 0-2: Strikes out swinging
|
Batting: RHB Rusty Bennett
|
0-0: Called Strike 0-1: SOLO HOME RUN (Flyball, 89XD), Distance : 402 ft
|
Batting: SHB Juan Glaviz
|
0-0: Hit by Pitch
|
Pitching: RHP Jorge Ríos
|
|
Batting: RHB Kyle Baylor
|
0-0: Ball Juan Glaviz steals 2nd base 1-0: Ball 2-0: Ball 3-0: Called Strike 3-1: Foul Ball, location: 2F 3-2: Foul Ball, location: 2F 3-2: Foul Ball, location: 2F 3-2: Base on Balls
|
Batting: RHB Michael Hall
|
0-0: Called Strike 0-1: Swinging Strike 0-2: Ball 1-2: Strikes out swinging
|
Top of the 5th over - 2 run(s), 2 hit(s), 0 error(s), 2 left on base; Lee's Summit 3 - Erie 0 |
BOTTOM OF THE 5TH |
Erie Jaxx batting - Pitching for Lee's Summit Tigers : LHP Marcos Flores
|
Batting: LHB Jim Knight
|
0-0: Called Strike 0-1: Ball 1-1: Ball 2-1: Ball 3-1: Called Strike 3-2: SINGLE (Groundball, 6D)
|
Batting: RHB Edgardo Castro
|
0-0: Grounds into double play, 6-4-3 (Groundball, 6)
|
Batting: RHB Ángel Serrano
|
0-0: Ball 1-0: Fly out, F5 (Line Drive, 56S)
|
Bottom of the 5th over - 0 run(s), 1 hit(s), 0 error(s), 0 left on base; Lee's Summit 3 - Erie 0 |
TOP OF THE 6TH |
Lee's Summit Tigers batting - Pitching for Erie Jaxx : RHP Jorge Ríos
|
Batting: RHB Steven Wright
|
0-0: Ball 1-0: Ball 2-0: Ball 3-0: Base on Balls
|
Batting: LHB Dale Miller
|
0-0: Ball 1-0: Ball 2-0: Ball 3-0: Base on Balls Steven Wright to second
|
Batting: LHB Milo Powers
|
0-0: Called Strike 0-1: Fly out, F8 (Flyball, 8LD)
|
Batting: LHB Darren Holland
|
0-0: Ball 1-0: Called Strike 1-1: SINGLE (Groundball, 4) (infield hit) Steven Wright to third Dale Miller to second
|
Batting: RHB Jesús Ramos
|
0-0: Called Strike 0-1: Foul Ball, location: 2F 0-2: Ball 1-2: Ball 2-2: Strikes out looking
|
Batting: RHB Rusty Bennett
|
0-0: Ball 1-0: Ball 2-0: Ball 3-0: Base on Balls Steven Wright scores Dale Miller to third Darren Holland to second
|
Batting: SHB Juan Glaviz
|
0-0: Fly out, F7 (Flyball, 78S)
|
Top of the 6th over - 1 run(s), 1 hit(s), 0 error(s), 3 left on base; Lee's Summit 4 - Erie 0 |
BOTTOM OF THE 6TH |
Erie Jaxx batting - Pitching for Lee's Summit Tigers : LHP Marcos Flores
|
Batting: RHB Alfredo Ramírez
|
0-0: Ball 1-0: Called Strike 1-1: Swinging Strike 1-2: Strikes out swinging
|
Batting: RHB Ed Keesee
|
0-0: Called Strike 0-1: Ball 1-1: Fly out, F8 (Line Drive, 8RS)
|
Batting: SHB José Durango
|
0-0: SINGLE (Groundball, 34D)
|
Batting: SHB Michael Field
|
0-0: Ball 1-0: Called Strike 1-1: Fielders Choice at 2nd, 6-4 (Groundball, 6)
|
Bottom of the 6th over - 0 run(s), 1 hit(s), 0 error(s), 0 left on base; Lee's Summit 4 - Erie 0 |
TOP OF THE 7TH |
Lee's Summit Tigers batting - Pitching for Erie Jaxx : RHP Jorge Ríos
|
Batting: RHB Kyle Baylor
|
0-0: Ball 1-0: Swinging Strike 1-1: Swinging Strike 1-2: SINGLE (Groundball, 4S) (infield hit)
|
Batting: RHB Michael Hall
|
0-0: Grounds into double play, 6-4-3 (Groundball, 6)
|
Batting: RHB Steven Wright
|
0-0: Ball 1-0: Foul Ball, location: 2F 1-1: Ball 2-1: Fly out, F9 (Flyball, 9S)
|
Top of the 7th over - 0 run(s), 1 hit(s), 0 error(s), 0 left on base; Lee's Summit 4 - Erie 0 |
BOTTOM OF THE 7TH |
Erie Jaxx batting - Pitching for Lee's Summit Tigers : LHP Marcos Flores
|
Batting: LHB Josh Pérez
|
0-0: Ball 1-0: Ball 2-0: Ball 3-0: Called Strike 3-1: Ground out 1-3 (Groundball, 13S)
|
Batting: SHB Giel Molendijk
|
0-0: Called Strike 0-1: Foul Ball, location: 2F 0-2: Ball 1-2: SOLO HOME RUN (Flyball, 7D), Distance : 351 ft
|
Batting: LHB Jim Knight
|
0-0: Called Strike 0-1: Ground out 5-3 (Groundball, 56)
|
Batting: RHB Edgardo Castro
|
0-0: Ball 1-0: Ball 2-0: Foul Ball, location: 2F 2-1: Swinging Strike 2-2: Foul Ball, location: 2F 2-2: Strikes out swinging
|
Bottom of the 7th over - 1 run(s), 1 hit(s), 0 error(s), 0 left on base; Lee's Summit 4 - Erie 1 |
TOP OF THE 8TH |
Lee's Summit Tigers batting - Pitching for Erie Jaxx : RHP Jorge Ríos
|
Batting: LHB Dale Miller
|
0-0: Ball 1-0: Foul Ball, location: 2F 1-1: Foul Ball, location: 2F 1-2: Strikes out swinging
|
Batting: LHB Milo Powers
|
0-0: Ground out 3-1 (Groundball, 34)
|
Batting: LHB Darren Holland
|
0-0: Ball 1-0: Foul Ball, location: 2F 1-1: Foul Ball, location: 2F 1-2: Ball 2-2: Ball 3-2: Strikes out swinging
|
Top of the 8th over - 0 run(s), 0 hit(s), 0 error(s), 0 left on base; Lee's Summit 4 - Erie 1 |
BOTTOM OF THE 8TH |
Erie Jaxx batting - Pitching for Lee's Summit Tigers : LHP Marcos Flores
|
Pitching: RHP Augusto Pérez
|
|
Batting: RHB Ángel Serrano
|
0-0: Ball 1-0: Ball 2-0: Swinging Strike 2-1: Swinging Strike 2-2: Strikes out looking
|
Batting: RHB Alfredo Ramírez
|
0-0: Ball 1-0: Foul Ball, location: 2F 1-1: Fly out, F5 (Popup, 5S)
|
Batting: RHB Ed Keesee
|
0-0: Called Strike 0-1: Ball 1-1: Ball 2-1: Ball 3-1: Swinging Strike 3-2: Foul Ball, location: 2F 3-2: Foul Ball, location: 2F 3-2: Foul Ball, location: 2F 3-2: Strikes out swinging
|
Bottom of the 8th over - 0 run(s), 0 hit(s), 0 error(s), 0 left on base; Lee's Summit 4 - Erie 1 |
TOP OF THE 9TH |
Lee's Summit Tigers batting - Pitching for Erie Jaxx : RHP Jorge Ríos
|
Batting: RHB Jesús Ramos
|
0-0: Foul Ball, location: 2F 0-1: Foul Ball, location: 2F 0-2: Ball 1-2: Strikes out looking
|
Pitching: RHP Carlos Olmedo
|
|
Batting: RHB Rusty Bennett
|
0-0: Ball 1-0: Foul Ball, location: 2F 1-1: Called Strike 1-2: Ball 2-2: Ball 3-2: Foul Ball, location: 2F 3-2: Foul Ball, location: 2F 3-2: Base on Balls
|
Batting: SHB Juan Glaviz
|
0-0: Ball 1-0: Foul Ball, location: 2F 1-1: Swinging Strike 1-2: Strikes out swinging
|
Batting: RHB Kyle Baylor
|
0-0: Ball 1-0: SINGLE (Flyball, 78S) Rusty Bennett to second
|
Batting: RHB Michael Hall
|
0-0: Ball 1-0: Ball 2-0: Ball 3-0: Called Strike 3-1: Called Strike 3-2: Foul Ball, location: 2F 3-2: Base on Balls Rusty Bennett to third Kyle Baylor to second
|
Pinch Hitting: LHB Dudley Cooper
|
0-0: Called Strike 0-1: SINGLE (Groundball, 4MD) Rusty Bennett scores Kyle Baylor to third Michael Hall to second Runner from 3rd tries for Home, SAFE, no throw
|
Pitching: RHP Tom Newton
|
|
Batting: LHB Dale Miller
|
0-0: Called Strike 0-1: Ball 1-1: Called Strike Dudley Cooper is caught stealing 2nd base
|
Top of the 9th over - 2 run(s), 2 hit(s), 0 error(s), 0 left on base; Lee's Summit 6 - Erie 1 |
BOTTOM OF THE 9TH |
Erie Jaxx batting - Pitching for Lee's Summit Tigers : RHP Augusto Pérez
|
Now at C: Augusto Pérez
|
|
Now at 2B: Gilberto Ferrer
|
|
Batting: SHB José Durango
|
0-0: Ball 1-0: Swinging Strike 1-1: Swinging Strike 1-2: Ball 2-2: Ball 3-2: Base on Balls
|
Batting: SHB Michael Field
|
0-0: Swinging Strike 0-1: Foul Ball, location: 2F 0-2: Fly out, F8 (Flyball, 8RM)
|
Batting: LHB Josh Pérez
|
0-0: Called Strike 0-1: Ball 1-1: Ball 2-1: Fielders Choice at 2nd, 4-6 (Groundball, 4)
|
Batting: SHB Giel Molendijk
|
0-0: Ball 1-0: Called Strike 1-1: Foul Ball, location: 2F 1-2: SINGLE (Groundball, 5D) Josh Pérez to second
|
Pitching: RHP Luis López
|
|
Batting: LHB Jim Knight
|
0-0: Foul Ball, location: 2F 0-1: Foul Ball, location: 2F 0-2: Fly out, F7 (Line Drive, 7)
|
Bottom of the 9th over - 0 run(s), 1 hit(s), 0 error(s), 2 left on base; Lee's Summit 6 - Erie 1 |
|